 Dungeon Crawl Stone Soup version 0.17-a0-1987-gaf5a542 (webtiles) character file.

88 wvc the Sneak (level 4, 0/23 HPs)
             Began as a Vine Stalker Assassin on Oct 6, 2015.
             Killed from afar by Robin (9 damage)
             ... with a wand of frost
             ... on level 2 of the Dungeon.
             The game lasted 00:02:18 (1065 turns).

wvc the Sneak (Vine Stalker Assassin)               Turns: 1065, Time: 00:02:19

Health: 0/23       AC:  8    Str: 14    XL:     4   Next: 53%
Magic:  0/5        EV: 10    Int: 11    God:
Gold:   92         SH:  0    Dex: 16    Spells: 0 memorised, 3 levels left

rFire  . . .     SeeInvis .     a - +2 dagger
rCold  . . .     Clarity  .     q - +0 scale mail
rNeg   . . .     SustAt   .     (no shield)
rPois  .         Gourm    .     p - +0 helmet
rElec  .         Spirit   +     d - +0 cloak
rCorr  .         Warding  .     (no gloves)
rMut   +         Stasis   .     (no boots)
MR     .....                    h - amulet of resist mutation
Stlth  ++........               (no ring)
                                (no ring)

@: not resistant to hostile enchantments, unstealthy
A: fangs 2, regeneration 1, magic shield, antimagic bite, no device heal 3, rot
immunity
a: no special abilities


You were on level 2 of the Dungeon.
You were not hungry.

You visited 1 branch of the dungeon, and saw 2 of its levels.

You collected 92 gold pieces.

Inventory:

Hand Weapons
 a - a +2 dagger (weapon)
 b - a +0 blowgun
Missiles
 e - 53 poisoned needles
 f - 2 curare-tipped needles
 r - 2 needles of frenzy
Armour
 d - a +0 cloak (worn)
 p - a +0 helmet (worn)
 q - a +0 scale mail (worn)
Jewellery
 h - an amulet of resist mutation (around neck)
Scrolls
 c - 2 scrolls of remove curse {unknown}
 k - 2 scrolls of identify {unknown}
 n - a scroll of noise {unknown}
Potions
 i - a potion of flight {unknown}
 l - 2 potions of might {unknown}
 o - 3 potions of curing {unknown}
Comestibles
 g - 2 bread rations
 m - 9 fruits
 s - a chunk of flesh


   Skills:
 - Level 1.7 Fighting
 * Level 2.6 Short Blades
 - Level 1.7 Throwing
 + Level 1.0 Armour
 + Level 2.3 Dodging
 - Level 5.0 Stealth


You had 3 spell levels left.
You didn't know any spells.

Dungeon Overview and Level Annotations

Branches:
Dungeon (2/15)

Altars:

Annotations:
D:2 Robin


Innate Abilities, Weirdness & Mutations

You have extremely sharp teeth.
Your natural rate of healing is unusually fast.
When hurt, damage is shared between your health and your magic reserves.
Your bite disrupts and absorbs the magic of your enemies.
Potions and wands cannot restore your health.
You are immune to rotting.


Message History

Robin zaps a wand.
The puff of frost hits you!
It is a wand of frost.
You hit Robin.
Robin is lightly wounded.
Robin closely misses you.
You hit Robin but do no damage.
Robin is lightly wounded.
Robin hits you but does no damage.
You hit Robin.
Robin is moderately wounded.
You barely miss Robin. You bite Robin, but do no damage.
Robin is moderately wounded.
Robin completely misses you.
You closely miss Robin.
Robin is moderately wounded.
Robin hits you but does no damage.
You hit Robin but do no damage. You bite Robin. You drain her power.
You feel invigorated.
Robin is moderately wounded.
Robin zaps a wand.
The puff of frost hits you!
You die...

#......#........##.....#...
#..................#####.##
#.....)..####.......#..#...
#........# #......##..#.#.
#........# ##.............
#......#######.##.....####.
######.....................
#.#######.##.........#
#..))@g...#######....#
##########.>............
.....#.g.......$##....#
#..#(#.######.##....#
#.gg........ ...#
#...ggg#..#.....
#....#.#..#.#### # ....
..####.# # ##. .## .# #


You could see Robin.

Vanquished Creatures
  Jessica (D:2)
  An adder (D:2)
  A worm (D:2)
  A giant gecko (D:1)
  A ball python (D:2)
  9 bats
  2 giant cockroaches (D:1)
  9 goblins
  4 hobgoblins
  7 kobolds
  4 giant newts
  3 jackals (D:2)
  4 rats (D:1)
47 creatures vanquished.

Notes
Turn   | Place    | Note
--------------------------------------------------------------
     0 | D:1      | wvc the Vine Stalker Assassin began the quest for the Orb.
     0 | D:1      | Reached XP level 1. HP: 11/11 MP: 2/2
    91 | D:1      | Reached skill level 5 in Stealth
   139 | D:1      | Reached XP level 2. HP: 15/15 MP: 3/3
   221 | D:1      | Reached skill level 1 in Dodging
   459 | D:1      | Reached XP level 3. HP: 16/18 MP: 4/4
   998 | D:2      | Noticed Jessica
  1010 | D:2      | Killed Jessica
  1010 | D:2      | Reached skill level 1 in Armour
  1010 | D:2      | Reached XP level 4. HP: 21/23 MP: 5/5
  1034 | D:2      | Noticed Robin
  1065 | D:2      | Killed from afar by Robin

Vault maps used:
D:1:      scummos_arrival_forest
D:2:      uniq_jessica, uniq_robin

Action                   |  1- 3 |  4- 6 || total
-------------------------+-------+-------++-------
Melee: Dagger            |   106 |    24 ||   130
 Stab: Sleeping          |    12 |       ||    12
  Eat: Beef jerky        |       |     2 ||     2
